 Dungeon Crawl Stone Soup version 0.30.1-1-g62c8e00024 (webtiles) character file.

Game seed: 4236429365397127124

3 Gorgoleon the Cudgeller (level 1, -12/15 HPs)
             Began as a Human Wanderer on July 15, 2023.
             Mangled by a kobold
             ... wielding a +1 dagger of electrocution
              (16 damage)
             ... on level 1 of the Dungeon.
             The game lasted 00:00:56 (84 turns).

Gorgoleon the Cudgeller (Human Wanderer)              Turns: 84, Time: 00:00:56

Health: -12/15     AC:  6    Str: 14    XL:     1   Next: 55%
Magic:  2/2        EV:  9    Int: 11    God:
Gold:   38         SH:  0    Dex: 11    Spells: 1/2 levels left

rFire   . . .        a - +2 mace
rCold   . . .        (no shield)
rNeg    . . .        b - +0 scale mail
rPois   .            (no helmet)
rElec   .            (no cloak)
rCorr   .            (no gloves)
SInv    .            (no boots)
Will    .....        (no amulet) Stlth
                     (no ring)
HPRegen 0.22/turn    (no ring)
MPRegen 0.08/turn

%: no passive effects
@: no status effects
A: no striking features
a: no special abilities


You were on level 1 of the Dungeon.
You visited 1 branch of the dungeon, and saw 1 of its levels.

You collected 38 gold pieces.

Inventory:

Hand Weapons
 a - a +2 mace (weapon)
Armour
 b - a +0 scale mail (worn)
Scrolls
 c - a scroll of fear
Potions
 d - 2 potions of curing {unknown}
 e - a potion of attraction {unknown}
 f - a potion of degeneration {unknown}


   Skills:
 - Level 1.0 Fighting
 + Level 3.2 Maces & Flails
 - Level 1.0 Throwing
 - Level 3.0 Armour
 - Level 1.0 Spellcasting
 - Level 1.0 Necromancy


You had one spell level left.
You knew the following spells:

 Your Spells              Type           Power      Damage    Failure   Level
a - Necrotise             Necr           8%         1d4       65%         1

Your spell library contained the following spells:

 Spells                   Type           Power      Damage    Failure   Level
 Vampiric Draining        Necr           2%         2d6       95%         3


Dungeon Overview and Level Annotations

Branches:
Dungeon (1/15)

Altars:


Message History

The quokka is severely wounded.
The quokka bites you but does no damage. x2
You closely miss the quokka.
The quokka is moderately wounded.
The quokka barely misses you. x2
You sock the quokka!
You kill the quokka!
No target in view!
No target in view!
f - a fizzy silvery potion
d - 2 silvery potions (gained 1)
Found a stone staircase leading down.
Found a stone staircase leading down.
There is a stone staircase leading down here.
A kobold comes into view.
It is wielding a +1 dagger of electrocution.
There is a stone staircase leading down here.
You hit the kobold.
The kobold is severely wounded.
The kobold hits you with a +1 dagger of electrocution.
You are electrocuted!
Ouch! That really hurt!
* * * LOW HITPOINT WARNING * * *
You are too injured to fight recklessly!
You are too injured to fight recklessly!
You are too injured to fight recklessly!
You are too injured to fight recklessly!
You are too injured to fight recklessly!
You are too injured to fight recklessly!
You closely miss the kobold.
The kobold is severely wounded.
The kobold hits you but does no damage.
You barely miss the kobold.
The kobold is severely wounded.
The kobold hits you with a +1 dagger of electrocution.
* * * LOW HITPOINT WARNING * * *
You closely miss the kobold.
The kobold is severely wounded.
The kobold hits you but does no damage. x2; You are electrocuted!
Ouch! That really hurt!
You die...

### # #.. # #. #.#
#..# #.# ### #.#
#..### #...#.. #.#
#..... #...#.####.#
#.....
#.K.....>######.....
.#@##........#..###
#....######.#..#
#.#### #....# ....
###..# #.##.# #..###
# ... #..... ...
#..... .... #.....
... #..###


You could see a kobold.

Vanquished Creatures
  A goblin (D:1)
  A quokka (D:1)
  A ball python (D:1)
3 creatures vanquished.

Notes
Turn   | Place    | Note
-------+----------+-------------------------------------------
     0 | D:1      | Gorgoleon the Human Wanderer began the quest for the Orb.
     0 | D:1      | Gorgoleon set off with the following items: a +2 mace, a +0
                  | scale mail, a scroll of fear; and the following spell
                  | memorised: Necrotise; and the following spells available to
                  | memorise: Vampiric Draining.
     0 | D:1      | Reached XP level 1. HP: 15/15 MP: 2/2
    84 | D:1      | Mangled by a kobold

Illustrated notes

Levels and vault maps discovered:
D:1:      dpeg_arrival_boxorama, layout_loops_ring

Action                     || total
---------------------------++-------
  Melee: Mace              ||    12
 Armour: Scale mail        ||     8
  Dodge: Dodged            ||     5
